TOP OF THE 1ST |
Houston Astros batting - Pitching for Oakland Athletics : RHP Mike Pedigo
|
Pitching: RHP Mike Pedigo
|
|
Batting: RHB Jesse Scott
|
0-0: Ball 1-0: Swinging Strike 1-1: Swinging Strike 1-2: Foul Ball, location: 2F 1-2: Ground out 5-3 (Groundball, 56S, EV 80.6 MPH)
|
Batting: RHB Jeremy Trump
|
0-0: Foul Ball, location: 2F 0-1: Foul Ball, location: 2F 0-2: Ball 1-2: Strikes out swinging
|
Batting: SHB Jason Woods
|
0-0: Ball 1-0: Called Strike 1-1: Foul Ball, location: 2F 1-2: Ball 2-2: Strikes out swinging
|
Top of the 1st over - 0 runs, 0 hits, 0 errors, 0 left on base; Houston 0 - Oakland 0 |
BOTTOM OF THE 1ST |
Oakland Athletics batting - Pitching for Houston Astros : RHP Brian Lynch
|
Pitching: RHP Brian Lynch
|
|
Batting: RHB Muneo Kawachi
|
0-0: Swinging Strike 0-1: Ball 1-1: Foul Ball, location: 2F 1-2: Ball 2-2: Strikes out looking
|
Batting: RHB Garry Hash
|
0-0: Called Strike 0-1: Ball 1-1: Called Strike 1-2: Strikes out looking
|
Batting: RHB Randy Shrewsbury
|
0-0: Fly out, F8 (Line Drive, 8LM, EV 95.0 MPH)
|
Bottom of the 1st over - 0 runs, 0 hits, 0 errors, 0 left on base; Houston 0 - Oakland 0 |
TOP OF THE 2ND |
Houston Astros batting - Pitching for Oakland Athletics : RHP Mike Pedigo
|
Batting: LHB Jack Christie
|
0-0: Ball 1-0: Ball 2-0: Foul Ball, location: 2F 2-1: Ground out 1-3 (Groundball, 13S, EV 70.6 MPH)
|
Batting: RHB Eric Chotkowski
|
0-0: Ball 1-0: Ball 2-0: Called Strike 2-1: Ball 3-1: Foul Ball, location: 2F 3-2: Hit by Pitch
|
Batting: SHB Rich Chavez
|
0-0: Foul Ball, location: 2F 0-1: Called Strike 0-2: Foul Ball, location: 2F 0-2: Ball 1-2: Foul Ball, location: 2F 1-2: Foul Ball, location: 2F 1-2: Fly out, F7 (Flyball, 7LS, EV 93.1 MPH)
|
Batting: LHB Eric Katz
|
0-0: Ball 1-0: Ball 2-0: Foul Ball, location: 2F 2-1: Ball 3-1: Swinging Strike 3-2: Base on Balls Eric Chotkowski to second
|
Batting: SHB Joe Gardner
|
0-0: Ball 1-0: Ball 2-0: DOUBLE (Flyball, 78D, EV 106.2 MPH) Eric Chotkowski scores Eric Katz to third
|
Batting: SHB Bryan Johnston
|
0-0: Ball 1-0: Called Strike 1-1: Fly out, F8 (Line Drive, 8RM, EV 92.5 MPH)
|
Top of the 2nd over - 1 run, 1 hit, 0 errors, 2 left on base; Houston 1 - Oakland 0 |
BOTTOM OF THE 2ND |
Oakland Athletics batting - Pitching for Houston Astros : RHP Brian Lynch
|
Batting: LHB R.J. O'Brien
|
0-0: Ground out 6-3 (Groundball, 6M, EV 105.6 MPH)
|
Batting: LHB Tom Butterbaugh
|
0-0: Ball 1-0: Ball 2-0: Ball 3-0: Base on Balls
|
Batting: RHB Tommy Baird
|
0-0: Called Strike 0-1: Ball 1-1: Ball 2-1: Ball 3-1: Ground out 4-3 (Groundball, 34S, EV 90.0 MPH) Tom Butterbaugh to second
|
Batting: SHB D.J. Codd
|
0-0: Ball 1-0: Called Strike 1-1: Foul Ball, location: 2F 1-2: Strikes out swinging
|
Bottom of the 2nd over - 0 runs, 0 hits, 0 errors, 1 left on base; Houston 1 - Oakland 0 |
TOP OF THE 3RD |
Houston Astros batting - Pitching for Oakland Athletics : RHP Mike Pedigo
|
Batting: RHB Jesse Scott
|
0-0: Swinging Strike 0-1: Called Strike 0-2: Ball 1-2: Foul Ball, location: 2F 1-2: Strikes out swinging
|
Batting: RHB Jeremy Trump
|
0-0: Ball 1-0: Foul Ball, location: 2F 1-1: SINGLE (Groundball, 56D, EV 111.2 MPH)
|
Batting: SHB Jason Woods
|
0-0: Ball 1-0: Ball 2-0: Called Strike 2-1: SINGLE (Line Drive, 34D, EV 96.9 MPH) Jeremy Trump to second Runner from 2nd tries for 3rd, SAFE, no throw by RF
|
Batting: LHB Jack Christie
|
0-0: Ball 1-0: Fielders Choice at 2nd, 3-6 (Groundball, 34, EV 86.9 MPH) Jeremy Trump scores
|
Batting: RHB Eric Chotkowski
|
0-0: Ball 1-0: Ball 2-0: Ball 3-0: Foul Ball, location: 2F 3-1: Called Strike 3-2: Fly out, F8 (Flyball, 8LD, EV 98.8 MPH)
|
Top of the 3rd over - 1 run, 2 hits, 0 errors, 1 left on base; Houston 2 - Oakland 0 |
BOTTOM OF THE 3RD |
Oakland Athletics batting - Pitching for Houston Astros : RHP Brian Lynch
|
Batting: RHB Nick Gentzel
|
0-0: Ball 1-0: Ground out 5-3 (Groundball, 5S, EV 68.1 MPH)
|
Batting: LHB Al Hernandez
|
0-0: Ground out 1-3 (Groundball, 13, EV 64.4 MPH)
|
Batting: RHB Muneo Kawachi
|
0-0: Ball 1-0: Foul Ball, location: 2F 1-1: Foul Ball, location: 2F 1-2: Foul Ball, location: 2F 1-2: Foul Ball, location: 2F 1-2: Ball 2-2: Ball 3-2: Ground out 6-3 (Groundball, 6, EV 101.9 MPH)
|
Bottom of the 3rd over - 0 runs, 0 hits, 0 errors, 0 left on base; Houston 2 - Oakland 0 |
TOP OF THE 4TH |
Houston Astros batting - Pitching for Oakland Athletics : RHP Mike Pedigo
|
Batting: SHB Rich Chavez
|
0-0: Ball 1-0: Fly out, F7 (Flyball, 7LM, EV 86.2 MPH)
|
Batting: LHB Eric Katz
|
0-0: Ball 1-0: Ball 2-0: Fly out, F8 (Flyball, 89XD, EV 96.2 MPH)
|
Batting: SHB Joe Gardner
|
0-0: Called Strike 0-1: Called Strike 0-2: Strikes out looking
|
Top of the 4th over - 0 runs, 0 hits, 0 errors, 0 left on base; Houston 2 - Oakland 0 |
BOTTOM OF THE 4TH |
Oakland Athletics batting - Pitching for Houston Astros : RHP Brian Lynch
|
Batting: RHB Garry Hash
|
0-0: Ball 1-0: Fly out, F9 (Flyball, 9LS, EV 83.1 MPH)
|
Batting: RHB Randy Shrewsbury
|
0-0: Ball 1-0: Called Strike 1-1: Ball 2-1: Foul Ball, location: 2F 2-2: Foul Ball, location: 2F 2-2: Ball 3-2: Foul Ball, location: 2F 3-2: SOLO HOME RUN (Flyball, 9LD, EV 93.1 MPH), Distance : 334 ft
|
Batting: LHB R.J. O'Brien
|
0-0: Ball 1-0: Called Strike 1-1: Ball 2-1: Called Strike 2-2: SINGLE (Line Drive, 9S, EV 108.1 MPH)
|
Batting: LHB Tom Butterbaugh
|
0-0: Fielders Choice at 2nd, 6-4 (Groundball, 6M, EV 103.8 MPH)
|
Batting: RHB Tommy Baird
|
0-0: Fly out, F9 (Flyball, 89S, EV 95.0 MPH)
|
Bottom of the 4th over - 1 run, 2 hits, 0 errors, 1 left on base; Houston 2 - Oakland 1 |
TOP OF THE 5TH |
Houston Astros batting - Pitching for Oakland Athletics : RHP Mike Pedigo
|
Batting: SHB Bryan Johnston
|
0-0: Swinging Strike 0-1: Ball 1-1: Ball 2-1: Foul Ball, location: 2F 2-2: Ball 3-2: Strikes out swinging
|
Batting: RHB Jesse Scott
|
0-0: Ball 1-0: Foul Ball, location: 2F 1-1: Ball 2-1: Foul Ball, location: 2F 2-2: SOLO HOME RUN (Flyball, 7D, EV 99.4 MPH), Distance : 392 ft
|
Batting: RHB Jeremy Trump
|
0-0: Called Strike 0-1: Swinging Strike 0-2: Ball 1-2: Ball 2-2: Strikes out swinging
|
Batting: SHB Jason Woods
|
0-0: Called Strike 0-1: Ball 1-1: Foul Ball, location: 2F 1-2: Foul Ball, location: 2F 1-2: DOUBLE (Groundball, 5L, EV 97.5 MPH)
|
Batting: LHB Jack Christie
|
0-0: Called Strike 0-1: Foul Ball, location: 2F 0-2: Ball 1-2: Strikes out swinging
|
Top of the 5th over - 1 run, 2 hits, 0 errors, 1 left on base; Houston 3 - Oakland 1 |
BOTTOM OF THE 5TH |
Oakland Athletics batting - Pitching for Houston Astros : RHP Brian Lynch
|
Batting: SHB D.J. Codd
|
0-0: Ball 1-0: Called Strike 1-1: Called Strike 1-2: Strikes out swinging
|
Batting: RHB Nick Gentzel
|
0-0: Called Strike 0-1: Foul Ball, location: 2F 0-2: Foul Ball, location: 2F 0-2: Foul Ball, location: 2F 0-2: Foul Ball, location: 2F 0-2: Foul Ball, location: 2F 0-2: SINGLE (Line Drive, 7S, EV 103.1 MPH)
|
Batting: LHB Al Hernandez
|
0-0: Called Strike 0-1: Ball 1-1: Fly out, F8 (Line Drive, 8LM, EV 98.1 MPH)
|
Batting: RHB Muneo Kawachi
|
0-0: Ball 1-0: Fly out, F3 (Line Drive, 3L, EV 73.1 MPH)
|
Bottom of the 5th over - 0 runs, 1 hit, 0 errors, 1 left on base; Houston 3 - Oakland 1 |
TOP OF THE 6TH |
Houston Astros batting - Pitching for Oakland Athletics : RHP Mike Pedigo
|
Pitching: RHP Jalen Cobbins
|
|
Batting: RHB Eric Chotkowski
|
0-0: Foul Ball, location: 2F 0-1: Ball 1-1: Foul Ball, location: 2F 1-2: Foul Ball, location: 2F 1-2: Ball 2-2: Fly out, F7 (Flyball, 7LS, EV 96.2 MPH)
|
Batting: SHB Rich Chavez
|
0-0: Ball 1-0: Ball 2-0: Ball 3-0: Base on Balls
|
Batting: LHB Eric Katz
|
0-0: Ball 1-0: Called Strike 1-1: Ball 2-1: Called Strike 2-2: Fly out, F7 (Line Drive, 7, EV 96.9 MPH)
|
Batting: SHB Joe Gardner
|
0-0: Foul Ball, location: 2F 0-1: Ball 1-1: Fly out, F8 (Flyball, 8LD, EV 79.4 MPH)
|
Top of the 6th over - 0 runs, 0 hits, 0 errors, 1 left on base; Houston 3 - Oakland 1 |
BOTTOM OF THE 6TH |
Oakland Athletics batting - Pitching for Houston Astros : RHP Brian Lynch
|
Batting: RHB Garry Hash
|
0-0: Swinging Strike 0-1: Foul Ball, location: 2F 0-2: SINGLE (Groundball, 56D, EV 93.8 MPH)
|
Batting: RHB Randy Shrewsbury
|
0-0: Ball 1-0: Ball Garry Hash steals 2nd base 2-0: Called Strike 2-1: Ball 3-1: Foul Ball, location: 2F 3-2: Strikes out looking
|
Batting: LHB R.J. O'Brien
|
0-0: Ball 1-0: Ball 2-0: Called Strike 2-1: Foul Ball, location: 2F 2-2: Ball 3-2: Base on Balls
|
Batting: LHB Tom Butterbaugh
|
0-0: Foul Ball, location: 2F 0-1: Swinging Strike 0-2: Ball 1-2: Foul Ball, location: 2F 1-2: Strikes out swinging
|
Batting: RHB Tommy Baird
|
0-0: Called Strike 0-1: Ground out U3 (Groundball, 34S, EV 88.1 MPH)
|
Bottom of the 6th over - 0 runs, 1 hit, 0 errors, 2 left on base; Houston 3 - Oakland 1 |
TOP OF THE 7TH |
Houston Astros batting - Pitching for Oakland Athletics : RHP Jalen Cobbins
|
Pitching: RHP Joe Bradford
|
|
Batting: SHB Bryan Johnston
|
0-0: Called Strike 0-1: Ground out 6-3 (Groundball, 6, EV 83.1 MPH)
|
Batting: RHB Jesse Scott
|
0-0: Swinging Strike 0-1: Ball 1-1: Foul Ball, location: 2F 1-2: Strikes out swinging
|
Batting: RHB Jeremy Trump
|
0-0: Ball 1-0: Ball 2-0: Ground out 2-3 (Groundball, 2R, EV 67.5 MPH)
|
Top of the 7th over - 0 runs, 0 hits, 0 errors, 0 left on base; Houston 3 - Oakland 1 |
BOTTOM OF THE 7TH |
Oakland Athletics batting - Pitching for Houston Astros : RHP Brian Lynch
|
Batting: SHB D.J. Codd
|
0-0: Called Strike 0-1: Ball 1-1: Ball 2-1: Ground out 5-3 (Groundball, 56S, EV 94.4 MPH)
|
Batting: RHB Nick Gentzel
|
0-0: Called Strike 0-1: Foul Ball, location: 2F 0-2: Ball 1-2: Strikes out swinging
|
Batting: LHB Al Hernandez
|
0-0: Ball 1-0: Called Strike 1-1: Foul Ball, location: 2F 1-2: Ball 2-2: Ball 3-2: Strikes out looking
|
Bottom of the 7th over - 0 runs, 0 hits, 0 errors, 0 left on base; Houston 3 - Oakland 1 |
TOP OF THE 8TH |
Houston Astros batting - Pitching for Oakland Athletics : RHP Joe Bradford
|
Batting: SHB Jason Woods
|
0-0: Called Strike 0-1: Ball 1-1: Ball 2-1: Swinging Strike 2-2: Ball 3-2: Base on Balls
|
Batting: LHB Jack Christie
|
0-0: Ball 1-0: Foul Ball, location: 2F 1-1: Called Strike 1-2: Foul Ball, location: 2F 1-2: SINGLE (Flyball, 3D, EV 90.0 MPH) Jason Woods to second
|
Batting: RHB Eric Chotkowski
|
0-0: SINGLE (Line Drive, 34, EV 111.9 MPH) Jason Woods to third Jack Christie to second
|
Batting: SHB Rich Chavez
|
0-0: Called Strike 0-1: Called Strike 0-2: Strikes out swinging
|
Pitching: LHP David James
|
|
Batting: LHB Eric Katz
|
0-0: Foul Ball, location: 2F 0-1: Called Strike 0-2: SINGLE (Groundball, 34S, EV 69.4 MPH) (infield hit) Jason Woods scores Jack Christie to third Eric Chotkowski to second
|
Pitching: RHP George Rubio
|
|
Batting: SHB Joe Gardner
|
0-0: Called Strike 0-1: Foul Ball, location: 2F 0-2: Ball 1-2: Grounds into fielders choice 4-2 (Groundball, 4, EV 88.8 MPH) Eric Chotkowski to third Eric Katz to second
|
Batting: SHB Bryan Johnston
|
0-0: Foul Ball, location: 2F 0-1: Swinging Strike 0-2: Ball 1-2: Ball 2-2: Ball 3-2: Strikes out swinging
|
Top of the 8th over - 1 run, 3 hits, 0 errors, 3 left on base; Houston 4 - Oakland 1 |
BOTTOM OF THE 8TH |
Oakland Athletics batting - Pitching for Houston Astros : RHP Brian Lynch
|
Pitching: RHP Josh Holloway
|
|
Batting: RHB Muneo Kawachi
|
0-0: Swinging Strike 0-1: Ball 1-1: Called Strike 1-2: Strikes out swinging
|
Batting: RHB Garry Hash
|
0-0: Ball 1-0: Ball 2-0: Fly out, F9 (Line Drive, 9S, EV 98.1 MPH)
|
Batting: RHB Randy Shrewsbury
|
0-0: Ground out 4-3 (Groundball, 4, EV 102.5 MPH)
|
Bottom of the 8th over - 0 runs, 0 hits, 0 errors, 0 left on base; Houston 4 - Oakland 1 |
TOP OF THE 9TH |
Houston Astros batting - Pitching for Oakland Athletics : RHP George Rubio
|
Batting: RHB Jesse Scott
|
0-0: Foul Ball, location: 2F 0-1: SINGLE (Groundball, 13S, EV 75.6 MPH) (infield hit)
|
Batting: RHB Jeremy Trump
|
0-0: Sac Bunt to P - play at first, batter OUT! 1-3 Jesse Scott to second
|
Batting: SHB Jason Woods
|
0-0: Swinging Strike 0-1: Fly out, F7 (Flyball, 7LS, EV 80.0 MPH)
|
Batting: LHB Jack Christie
|
0-0: Ball 1-0: Ball 2-0: Foul Ball, location: 2F 2-1: SINGLE (Groundball, 6S, EV 75.6 MPH) (infield hit) Jesse Scott to third
|
Batting: RHB Eric Chotkowski
|
0-0: Called Strike 0-1: Fielders Choice at 2nd, 5-4 (Groundball, 5, EV 78.8 MPH)
|
Top of the 9th over - 0 runs, 2 hits, 0 errors, 2 left on base; Houston 4 - Oakland 1 |
BOTTOM OF THE 9TH |
Oakland Athletics batting - Pitching for Houston Astros : RHP Josh Holloway
|
Batting: LHB R.J. O'Brien
|
0-0: Ball 1-0: Foul Ball, location: 2F 1-1: Called Strike 1-2: Foul Ball, location: 2F 1-2: Ground out 4-3 (Groundball, 4, EV 88.8 MPH)
|
Batting: LHB Tom Butterbaugh
|
0-0: Ball 1-0: Hit by Pitch
|
Batting: RHB Tommy Baird
|
0-0: Ball 1-0: Ball 2-0: Grounds into double play, 6-4-3 (Groundball, 6, EV 81.2 MPH)
|
Bottom of the 9th over - 0 runs, 0 hits, 0 errors, 0 left on base; Houston 4 - Oakland 1 |
|